 Dungeon Crawl Stone Soup version 0.23.1-37-gaa34b87b72 (webtiles) character file.

Game seed: 622710139253983097

140294 Gunterle the Destroyer (level 16, -24/134 HPs)
             Began as a Yellow Draconian Conjurer on Mar 19, 2019.
             Was a High Priest of Vehumet.
             Annihilated by a wolf spider (26 damage)
             ... on level 3 of the Spider Nest on Mar 20, 2019.
             The game lasted 05:13:41 (50089 turns).

Gunterle the Destroyer (Yellow Draconian Conjurer) Turns: 50089, Time: 05:13:41

Health: -24/134    AC: 13    Str: 13    XL:     16   Next: 75%
Magic:  37/48      EV: 17    Int: 20    God:    Vehumet [*****.]
Gold:   2216       SH:  0    Dex: 14    Spells: 6/36 levels left

rFire    + . .     SeeInvis .   Y - staff of energy
rCold    + . .     Gourm    .   (no shield)
rNeg     . . .     Faith    .   (armour unavailable)
rPois    +         Spirit   .   J - +0 hat "Nauwn" {MP+9 Dex+2}
rElec    .         Reflect  .   h - scarf {rC+ rF+}
rCorr    +         Harm     .   o - +2 pair of gloves
MR       +....                  d - +0 pair of boots
Stlth    ++........             U - amulet of magic regeneration
HPRegen  0.32/turn              E - ring of magical power
MPRegen  0.56/turn              k - ring of poison resistance

@: berserk cooldown, very slightly contaminated, slowed, very slow
A: spit acid, unfitting armour, acidic bite, cold-blooded, acid resistance, AC
+9
a: Breathe Acid, Renounce Religion


You were on level 3 of the Spider Nest.
You worshipped Vehumet.
Vehumet was extremely pleased with you.
You were not hungry.

You visited 5 branches of the dungeon, and saw 28 of its levels.
You also visited: Bailey, Gauntlet and Ice Cave.

You collected 3317 gold pieces.
You spent 1101 gold pieces at shops.

Inventory:

Hand Weapons
 M - the +4 great mace "Tenuyroq" {flame, +Inv rPois rF- rC++ MR+}
   (You found it on level 2 of the Lair of Beasts)

   It has been specially enchanted to burn those struck by it, causing extra
   injury to most foes and up to half again as much damage against particularly
   susceptible opponents.
   It makes you vulnerable to fire.
   It greatly protects you from cold.
   It protects you from poison.
   It affects your resistance to hostile enchantments.
   It lets you turn invisible.
 P - the +1 spear of Caossomn {protect, rF+ rC+ MR+}
   (You found it on level 9 of the Dungeon)

   It protects the one who uses it against injury (+AC on strike).
   It protects you from fire.
   It protects you from cold.
   It affects your resistance to hostile enchantments.
Armour
 d - a +0 pair of boots (worn)
 h - a scarf of resistance (worn)
 o - a +2 pair of gloves (worn)
 J - the +0 hat "Nauwn" (worn) {MP+9 Dex+2}
   (You found it in an ice cave)

   It affects your dexterity (+2).
   It affects your magic capacity (+9).
Magical Staves
 A - an uncursed staff of poison
 L - an uncursed staff of wizardry
 Y - an uncursed staff of energy (weapon)
Jewellery
 k - a ring of poison resistance (right hand)
 q - an uncursed ring of protection from fire
 E - a ring of magical power (left hand)
 K - the ring "Fateib" {rC+ Slay+6}
   (You found it in a Gauntlet)

   [ring of slaying]

   It affects your accuracy and damage with ranged weapons and melee attacks
   (+6).
   It protects you from cold.
 U - an amulet of magic regeneration (around neck)
 V - an uncursed ring of wizardry
Wands
 a - a wand of iceblast (40)
 c - a wand of acid (6)
 l - a wand of flame (34)
 y - a wand of scattershot (10)
 z - a wand of paralysis (19)
 H - a wand of disintegration (42)
 O - a wand of enslavement (20)
 Z - a wand of digging (3)
Scrolls
 g - 2 scrolls of silence
 j - 7 scrolls of teleportation
 m - a scroll of brand weapon {unknown}
 p - a scroll of fog
 t - 3 scrolls of immolation
 w - 2 scrolls of fear
 C - 2 scrolls of holy word {unknown}
 D - a scroll of summoning
 I - 8 scrolls of remove curse
 T - 2 scrolls of magic mapping
 X - 2 scrolls of torment {unknown}
Potions
 e - 11 potions of curing
 f - 3 potions of brilliance
 i - 2 potions of resistance {unknown}
 r - 5 potions of magic
 s - 4 potions of flight
 u - 4 potions of heal wounds
 x - 3 potions of might {unknown}
 F - a potion of invisibility {unknown}
 G - a potion of agility
 N - 3 potions of lignification {unknown}
 Q - 2 potions of haste
 S - 2 potions of mutation
 W - a potion of experience {unknown}
Miscellaneous
 n - a phantom mirror
 B - a sack of spiders
Comestibles
 b - 30 rations
 R - 6 chunks of flesh


   Skills:
 - Level 9.8 Fighting
 + Level 10.8 Staves
 - Level 8.6 Dodging
 - Level 1.7 Stealth
 - Level 10.6 Spellcasting
 - Level 14.2 Conjurations
 - Level 5.4 Translocations
 - Level 8.1 Transmutations
 * Level 14.2 Fire Magic
 - Level 8.4 Evocations


You had 6 spell levels left.
You knew the following spells:

 Your Spells              Type           Power        Failure   Level  Hunger
a - Magic Dart            Conj           ####         0%          1    None
b - Searing Ray           Conj           ######       1%          2    None
c - Iskenderun's Mystic   Conj           ######..     1%          4    None
d - Force Lance           Conj/Tloc      #####...     1%          4    None
e - Conjure Flame         Conj/Fire      ######..     1%          3    None
f - Irradiate             Conj/Tmut      ######....   1%          5    None
g - Blink                 Tloc           N/A          1%          2    None
h - Ignition              Fire           ######....   30%         8    None
i - Apportation           Tloc           ####..       1%          1    None

Your spell library contained the following spells:

 Spells                   Type           Power        Failure   Level  Hunger
 Chain Lightning          Conj/Air       #####.....   99%         8    None
 Tornado                  Air            ##........   100%        9    None
 Sting                    Conj/Pois      ####         1%          1    None
 Dazzling Spray           Conj/Hex       #####.       1%          3    None
 Ignite Poison            Fire/Tmut/Pois #####...     1%          3    None
 Mephitic Cloud           Conj/Pois/Air  ####....     1%          3    None
 Fulminant Prism          Conj/Hex       #####.....   1%          4    None
 Gell's Gravitas          Tloc           ####......   2%          3    None
 Lesser Beckoning         Tloc           ####......   2%          3    None
 Teleport Other           Tloc           ####....     2%          3    None
 Venom Bolt               Conj/Pois      #####.....   2%          5    None
 Shroud of Golubria       Chrm/Tloc      ###.......   3%          2    None
 Recall                   Summ/Tloc      N/A          6%          3    None
 Animate Skeleton         Necr           N/A          7%          1    None
 Confusing Touch          Hex            ##....       7%          1    None
 Corona                   Hex            ##.....      7%          1    None
 Pain                     Necr           ##..         7%          1    None
 Summon Small Mammal      Summ           ##..         7%          1    None
 Passage of Golubria      Tloc           N/A          7%          4    None
 Call Imp                 Summ           ##......     10%         2    None
 Ensorcelled Hibernation  Hex/Ice        ##....       10%         2    None
 Slow                     Hex            ##......     10%         2    None
 Song of Slaying          Chrm           ##......     10%         2    None
 Sublimation of Blood     Necr           ##........   10%         2    None
 Yara's Violent Unravell  Hex/Tmut       ####......   10%         5    None
 Petrify                  Tmut/Erth      ####....     12%         4    None
 Confuse                  Hex            ##......     21%         3    None
 Regeneration             Chrm/Necr      ##........   21%         3    None
 Tukima's Dance           Hex            ##......     21%         3    None
 Vampiric Draining        Necr           ##........   21%         3    None
 Alistair's Intoxication  Tmut/Pois      ####....     34%         5    None
 Animate Dead             Necr           N/A          54%         4    None
 Cause Fear               Hex            ##........   54%         4    None
 Silence                  Hex/Air        ##........   88%         5    None
 Deflect Missiles         Chrm/Air       ##........   100%        6    None
 Controlled Blink         Tloc           N/A          100%        8    None
 Discord                  Hex            ##........   100%        8    None


Dungeon Overview and Level Annotations

Branches:
Dungeon (15/15)            Temple (1/1) D:6            Lair (6/6) D:11
  Swamp (0/4) Lair:2       Spider (4/4) Lair:4        Slime (0/5) Lair:5
    Orc (2/2) D:12            Elf (0/3) Orc:2        Vaults (0/5) D:13
 Depths (0/5) D:15

Altars:
Ashenzari
Cheibriados
Dithmenos
Elyvilon
Fedhas
Gozag
Hepliaklqana
Kikubaaqudgha
Makhleb
Nemelex Xobeh
Okawaru
Qazlal
Ru
Sif Muna
Trog
Uskayaw
Vehumet
Wu Jian
Xom
Yredelemnul
Zin
The Shining One
Beogh
Jiyva

Shops:
D:4 (   D:5 (   D:12 *   Orc:1 (   Orc:2 [=(*

Annotations:
D:6 2 transporters


Innate Abilities, Weirdness & Mutations

You can spit globs of acid.
Your golden yellow scales are hard. (AC +9)
You cannot fit into any form of body armour.
You have acidic saliva.
You are cold-blooded and may be slowed by cold attacks.
You are resistant to acid. (rCorr)


Message History

The wolf spider violently stops moving!
The wolf spider hits you!
* * * LOW HITPOINT WARNING * * *
The wolf spider barely misses you. The wolf spider closely misses you.
The wolf spider bites you but does no damage.
The wolf spider closely misses you. The wolf spider barely misses you.
Okay, then.
Blink to where?
Press: ? - help, Dir - move target cursor, p - wolf spider
As you read the scroll of blinking, it crumbles to dust.
The wolf spider rages.
The wolf spider hits you!!
* * * LOW HITPOINT WARNING * * *
The wolf spider closely misses you.
Casting: Force Lance (safe; 1% risk of failure)
Confirm with . or Enter, or press ? or * to list all spells.
Okay, then.
Casting: Force Lance (safe; 1% risk of failure)
Confirm with . or Enter, or press ? or * to list all spells.
You blink.
The wolf spider hits you!!
You die...

#......≈^.....##.#### #.
#......≈.^...##.....###.
#......≈#...####.....##.
#.......≈...#..#..≈#..##
#^......#≈#....#...≈....
#.........≈≈...#..≈#....
#...§...>.≈..###...≈....
#.<...s...≈..##....≈....
#^.....@..≈...#.^.≈≈....
#.......^.≈≈....†≈≈≈....
#^..<......≈≈..≈≈..#>^..
#...........≈≈≈≈......#^
#.......≈≈#≈#.^......###
#......≈#.≈.≈........#
#......≈.^.......^..##
#...>.≈#.........#...#
#....≈≈......######.##


You could see a wolf spider (berserk).

Vanquished Creatures
  Arachne (Spider:4)
  Jorgrun (Spider:1)
  Agnes (D:15)
  An orc warlord (Orc:1)
  An emperor scorpion (Spider:3)
  2 entropy weavers (Spider:2)
  Azrael (Spider:2)
  A minotaur (Gauntlet)
  A dire elephant (D:15)
  Snorg (D:13)
  The ghost of Heschuda the Basher, a journeyman TrBe of Trog (Lair:4)
  2 fire dragons (Lair:6)
  Josephine (D:15)
  An ogre mage (D:15)
  5 hydras
  A vault guard (D:13)
  A catoblepas (D:14)
  5 centaur warriors
  8 two-headed ogres
  A tengu warrior (D:15)
  5 death yaks
  A dancing weapon (Lair:4)
  8 skeletal warriors
  2 unseen horrors
  A swamp dragon (Lair:6)
  2 glowing orange brains (Gauntlet)
  5 orc knights
  3 lindwurms (Lair:6)
  15 orb spiders
  An orc sorcerer (Orc:1)
  10 ugly things
  A necromancer (IceCv)
  16 wolf spiders
  4 moths of wrath
  A salamander (D:15)
  An elephant (D:11)
  2 cyclopes
  3 manticores
  2 black mambas
  An ice statue (IceCv)
  A water nymph (shapeshifter) (D:14)
  6 spiny frogs
  6 torpor snails
  11 komodo dragons
  4 yaktaurs (D:14)
  3 centaur skeletons
  2 rime drakes (Lair:6)
  An efreet (D:13)
  11 freezing wraiths
  3 tengu conjurers (D:15)
  A queen bee (Spider:1)
  5 demonic crawlers
  5 trolls
  3 tyrant leeches (Lair:6)
  A polar bear (Lair:3)
  30 jumping spiders
  2 bog bodies (Lair:2)
  3 meliai (Spider:1)
  A spectral tarantella (Spider:4)
  7 hornets
  2 slime creatures (D:15)
  12 dream sheep
  10 hippogriffs
  9 blink frogs
  A shadow (D:14)
  46 redbacks
  22 tarantellas
  2 vampires (D:14)
  3 wyverns
  3 wraiths (D:15)
  A human (D:7)
  4 fire elementals (Spider:2)
  4 hogs (D:7)
  49 yaks
  7 basilisks
  2 steam dragons (Lair:6)
  2 hungry ghosts
  4 wargs
  A soldier ant (D:10)
  A death yak simulacrum (IceCv)
  3 swamp worms
  2 hell hounds (Spider:2)
  10 water moccasins
  47 orc warriors
  8 porcupines
  4 swamp drakes (Lair:6)
  9 ice beasts
  3 sky beasts
  2 black bears
  2 necrophages
  10 ogres
  5 wolves (Lair:2)
  22 centaurs
  5 big kobolds
  8 crocodiles
  18 bullfrogs
  2 wyvern zombies
  A gnoll sergeant (D:12)
  9 scorpions
  2 elephant simulacra (IceCv)
  8 wights
  22 killer bees
  6 howler monkeys
  An electric eel (Lair:2)
  5 crimson imps
  4 draconian simulacra (IceCv)
  A bullfrog zombie (D:5)
  5 hounds
  5 jellies
  5 centaur zombies
  15 orc priests
  7 iguanas
  2 bullfrog skeletons
  34 orc wizards
  12 worker ants
  2 spriggan simulacra (IceCv)
  5 troll simulacra (IceCv)
  2 killer bee zombies (D:7)
  A wolf simulacrum (IceCv)
  A centaur simulacrum (IceCv)
  3 hound skeletons
  A howler monkey zombie (D:5)
  A worker ant zombie (D:6)
  23 gnolls
  12 adders
  6 naga simulacra (IceCv)
  2 ogre simulacra (IceCv)
  5 river rats (D:5)
  3 shadow imps
  12 white imps (IceCv)
  3 oozes
  3 adder skeletons
  5 worms
  4 dart slugs
  7 leopard geckos
  105 orcs
  9 bats
  9 giant cockroaches
  4 goblins
  22 hobgoblins
  15 jackals
  6 quokkas
  9 frilled lizards
  A jackal skeleton (D:4)
  37 kobolds
  A leopard gecko skeleton (D:6)
  A quokka skeleton (D:4)
  13 rats
  3 fungi
  3 plants
1055 creatures vanquished.

Vanquished Creatures (collateral kills)
  A yaktaur (D:14)
  An eye of draining (D:11)
  A crimson imp (D:11)
3 creatures vanquished.

Vanquished Creatures (others)
  A redback (Spider:2)
  4 fungi
  16 plants
21 creatures vanquished.

Grand Total: 1079 creatures vanquished

Notes
Turn   | Place    | Note
-------+----------+-------------------------------------------
     0 | D:1      | Gunterle the Draconian Conjurer began the quest for the
                  | Orb.
     0 | D:1      | Reached XP level 1. HP: 14/14 MP: 3/3
   299 | D:1      | Reached XP level 2. HP: 20/20 MP: 1/5
   481 | D:1      | Learned a level 2 spell: Searing Ray
   954 | D:1      | Reached XP level 3. HP: 26/26 MP: 0/6
  1826 | D:2      | Reached skill level 5 in Conjurations
  2483 | D:3      | Reached XP level 4. HP: 33/33 MP: 6/8
  3070 | D:3      | Learned a level 4 spell: Iskenderun's Mystic Blast
  3213 | D:3      | Reached XP level 5. HP: 38/38 MP: 4/9
  3899 | D:3      | Reached XP level 6. HP: 17/45 MP: 1/11
  4350 | D:3      | Found a radiant altar of Vehumet.
  4825 | D:3      | Became a worshipper of Vehumet
  5213 | D:4      | Your scales start taking on a golden yellow colour.
  5213 | D:4      | Reached XP level 7. HP: 50/50 MP: 8/13
  5213 | D:4      | Gained mutation: You are resistant to acid. (rCorr) [Yellow
                  | Draconian growth]
  5447 | D:4      | Learned a level 4 spell: Force Lance
  5592 | D:4      | Found a hide-covered altar of Uskayaw.
  5593 | D:4      | Noticed a +0 dagger
  5593 | D:4      | Noticed a +0 dagger
  5802 | D:4      | Found Fianui Vyler's Antique Weapon Emporium.
  5950 | D:5      | Entered Level 5 of the Dungeon
  5984 | D:5      | Found Rixt's Antique Weapon Boutique.
  6091 | D:5      | You fall through a shaft!
  6097 | D:6      | Found a faded altar of an unknown god.
  6097 | D:6      | Found an ancient bone altar of Kikubaaqudgha.
  6104 | D:6      | Found a shadowy altar of Dithmenos.
  6123 | D:6      | Found a glowing golden altar of the Shining One.
  6126 | D:6      | Found a faded altar of an unknown god.
  6144 | D:6      | Reached * piety under Vehumet
  6144 | D:6      | Offered knowledge of Shock by Vehumet.
  6144 | D:6      | Reached skill level 5 in Spellcasting
  6267 | D:6      | Reached XP level 8. HP: 58/58 MP: 8/15
  6301 | D:6      | Found a staircase to the Ecumenical Temple.
  6485 | D:5      | Reached skill level 1 in Fighting
  6506 | D:5      | Reached skill level 1 in Translocations
  6515 | D:5      | Found a bloodstained altar of Trog.
  6671 | D:5      | Reached ** piety under Vehumet
  6923 | D:5      | Offered knowledge of Sandblast by Vehumet.
  8547 | D:6      | Reached XP level 9. HP: 66/69 MP: 5/17
  8562 | Temple   | Entered the Ecumenical Temple
  8712 | D:6      | Found a transporter.
  8719 | D:6      | Noticed a kobold demonologist
  8731 | D:6      | Found a transporter.
  8813 | D:6      | Offered knowledge of Conjure Flame by Vehumet.
  8818 | D:6      | Learned a level 3 spell: Conjure Flame
  9214 | D:7      | Reached skill level 1 in Evocations
  9318 | D:7      | Reached *** piety under Vehumet
  9318 | D:7      | Reached skill level 1 in Staves
  9464 | D:7      | Reached skill level 1 in Fire Magic
  9596 | D:7      | Offered knowledge of Mephitic Cloud by Vehumet.
 10092 | D:7      | Reached skill level 10 in Conjurations
 10093 | D:7      | Reached **** piety under Vehumet
 10415 | D:8      | Offered knowledge of Fireball by Vehumet.
 10538 | D:8      | Reached XP level 10. HP: 52/78 MP: 15/20
 11285 | D:9      | Got a brightly glowing spear
 11288 | D:9      | Got a bloodstained spear
 11718 | D:10     | Entered Level 10 of the Dungeon
 11902 | D:10     | Identified the +1 spear of Caossomn {protect, rF+ rC+ MR+}
                  | (You found it on level 9 of the Dungeon)
 12167 | D:10     | Noticed a two-headed ogre
 12176 | D:10     | Killed a two-headed ogre
 12418 | D:11     | Reached skill level 5 in Fighting
 12430 | D:11     | Found a shimmering altar of Xom.
 12503 | D:11     | Noticed an elephant
 12628 | D:11     | Reached ***** piety under Vehumet
 12652 | D:11     | Found a flagged portal.
 12660 | D:11     | Noticed a brown ugly thing
 12661 | Bailey   | Entered a bailey
 12688 | Bailey   | Offered knowledge of Olgreb's Toxic Radiance by Vehumet.
 13208 | Bailey   | Reached XP level 11. HP: 77/86 MP: 12/22
 13351 | D:10     | Killed a brown ugly thing
 13719 | D:11     | You fall through a shaft for 3 floors!
 13724 | D:14     | Identified a scroll of acquirement
 13758 | D:14     | Reached skill level 5 in Dodging
 13821 | D:14     | Noticed a catoblepas
 13853 | D:14     | Killed a catoblepas
 14407 | D:14     | Noticed a centaur warrior
 14430 | D:14     | Killed a centaur warrior
 14432 | D:14     | Reached skill level 5 in Fire Magic
 14879 | D:14     | Learned a level 5 spell: Irradiate
 14882 | D:14     | Learned a level 2 spell: Blink
 15270 | D:13     | Noticed a two-headed ogre
 15273 | D:13     | Noticed a cyan ugly thing
 15275 | D:13     | Noticed a brown ugly thing
 15279 | D:13     | Killed a two-headed ogre
 15279 | D:13     | Reached skill level 1 in Transmutations
 15326 | D:14     | Killed a cyan ugly thing
 15565 | D:14     | Noticed a two-headed ogre
 15590 | D:14     | Killed a two-headed ogre
 15871 | D:14     | Noticed a skeletal warrior
 15873 | D:14     | Noticed a skeletal warrior
 15875 | D:14     | Noticed a skeletal warrior
 15875 | D:14     | Noticed a skeletal warrior
 15875 | D:14     | Noticed a skeletal warrior
 16364 | D:14     | Killed a skeletal warrior
 16367 | D:14     | Offered knowledge of Iskenderun's Battlesphere by Vehumet.
 16466 | D:13     | Killed a brown ugly thing
 16466 | D:13     | Reached XP level 12. HP: 78/96 MP: 15/24
 16487 | D:13     | Noticed a centaur warrior
 16494 | D:13     | HP: 2/96 [centaur warrior/arrow (22)]
 16495 | D:13     | Killed a centaur warrior
 16995 | D:13     | Noticed Snorg
 17028 | D:13     | Killed Snorg
 17028 | D:13     | Reached skill level 5 in Staves
 17028 | D:13     | Reached skill level 5 in Evocations
 17355 | D:13     | Noticed a centaur warrior
 17509 | D:12     | Got a shimmering wooden ring
 17528 | D:12     | Noticed a centaur warrior
 17544 | D:12     | Killed a centaur warrior
 18204 | D:11     | Found a staircase to the Lair.
 18361 | D:5      | Bought a translucent demon whip for 640 gold pieces
 18361 | D:5      | Identified the +9 demon whip of Quantum Leap {flame,
                  | Fragile +Blink MR+ Dex+2} (You bought it in a shop on level
                  | 5 of the Dungeon)
 18908 | D:12     | Identified the Papyrus of Toxic Aid
 18921 | D:12     | You fall through a shaft!
 18927 | D:13     | Noticed a seven-headed hydra
 18939 | D:13     | Killed a seven-headed hydra
 19377 | D:12     | Found Doniol's Serpentskin Sales.
 19445 | D:12     | Identified the ring "Ythrul" {Slay+2 Stlth-} (You found it
                  | on level 12 of the Dungeon)
 19768 | D:12     | Found a staircase to the Orcish Mines.
 20034 | Orc:1    | Entered Level 1 of the Orcish Mines
 20322 | Orc:1    | Noticed an orc warlord
 20474 | Lair:1   | Entered Level 1 of the Lair of Beasts
 22277 | Lair:2   | Got a bone great mace
 22298 | Lair:2   | Offered knowledge of Conjure Ball Lightning by Vehumet.
 22327 | Lair:2   | Reached XP level 13. HP: 105/105 MP: 15/26
 22775 | Lair:2   | Found a staircase to the Swamp.
 23068 | Lair:3   | Found a gate leading to a gauntlet.
 23078 | Gauntlet | Entered a Gauntlet
 23078 | Gauntlet | Found a transporter.
 23116 | Gauntlet | Found a transporter.
 23118 | Gauntlet | Found a transporter.
 23133 | Gauntlet | Found a transporter.
 23135 | Gauntlet | Found a transporter.
 23145 | Gauntlet | Found a transporter.
 23167 | Gauntlet | Found a transporter.
 23180 | Gauntlet | Found a transporter.
 23189 | Gauntlet | Found a transporter.
 23191 | Gauntlet | Noticed a green death
 23196 | Gauntlet | Found a transporter.
 23202 | Gauntlet | Found a transporter.
 23203 | Gauntlet | Found a transporter.
 23231 | Gauntlet | Found a transporter.
 23235 | Gauntlet | Found a transporter.
 23664 | Gauntlet | Noticed a minotaur
 23685 | Gauntlet | Killed a minotaur
 23940 | Gauntlet | Identified the Compendium of Dislocation
 23943 | Gauntlet | Got an ancient granite ring
 24018 | Lair:3   | Identified the ring "Fateib" {rC+ Slay+6} (You found it in
                  | a Gauntlet)
 24019 | Lair:3   | Identified the +3 spear of Scorn {venom, Str+7} (You found
                  | it on level 9 of the Dungeon)
 24115 | Lair:3   | Identified the +4 great mace "Tenuyroq" {flame, +Inv rPois
                  | rF- rC++ MR+} (You found it on level 2 of the Lair of
                  | Beasts)
 25835 | Lair:4   | Found a hole to the Spider Nest.
 26730 | Lair:4   | Found a runed translucent door.
 26731 | Lair:4   | Found a shimmering altar of Xom.
 26731 | Lair:4   | Noticed Heschuda's ghost (journeyman TrBe)
 26733 | Lair:4   | Identified the cursed +1 battleaxe "Cirorph" {chaos, *Rage
                  | rF+ Int+3 Dex+4}
 27465 | Lair:4   | Killed Heschuda's ghost
 27749 | Lair:5   | Reached skill level 5 in Transmutations
 28139 | Lair:4   | Offered knowledge of Bolt of Fire by Vehumet.
 28425 | Lair:5   | Gained mutation: You have acidic saliva. [Yellow Draconian
                  | growth]
 28425 | Lair:5   | Reached XP level 14. HP: 79/115 MP: 17/27
 28845 | Lair:5   | Found a runed translucent door.
 28845 | Lair:5   | Found a viscous altar of Jiyva.
 28845 | Lair:5   | Found a staircase to the Slime Pits.
 29505 | Lair:6   | Entered Level 6 of the Lair of Beasts
 29505 | Lair:6   | Found a frozen archway.
 29521 | IceCv    | Entered an ice cave
 30961 | IceCv    | Got a dazzling hat
 30967 | IceCv    | Identified the cursed +0 hat "Nauwn" {MP+9 Dex+2} (You
                  | found it in an ice cave)
 31028 | IceCv    | Offered knowledge of Freezing Cloud by Vehumet.
 31165 | IceCv    | Found an ancient bone altar of Kikubaaqudgha.
 32790 | Lair:6   | Reached skill level 10 in Fire Magic
 32805 | Lair:6   | Reached skill level 10 in Spellcasting
 33492 | Lair:6   | Found a runed translucent door.
 34790 | D:13     | Reached ****** piety under Vehumet
 34792 | D:13     | Offered knowledge of Iron Shot by Vehumet.
 35607 | D:13     | Found a gate to the Vaults.
 36099 | D:14     | Reached XP level 15. HP: 114/124 MP: 22/29
 36491 | D:15     | Entered Level 15 of the Dungeon
 37680 | D:15     | Noticed Josephine
 37690 | D:15     | Killed Josephine
 38537 | D:15     | Noticed Agnes
 38547 | D:15     | Killed Agnes
 39299 | D:15     | Found a staircase to the Depths.
 39582 | Orc:1    | Killed an orc warlord
 39582 | Orc:1    | Offered knowledge of Ozocubu's Refrigeration by Vehumet.
 39582 | Orc:1    | Reached skill level 5 in Translocations
 39968 | Orc:2    | Entered Level 2 of the Orcish Mines
 42926 | Orc:2    | Offered knowledge of Chain Lightning by Vehumet.
 42926 | Orc:2    | Offered knowledge of Tornado by Vehumet.
 42926 | Orc:2    | Offered knowledge of Ignition by Vehumet.
 43395 | Orc:1    | Learned a level 8 spell: Ignition
 43877 | Orc:2    | Found a staircase to the Elven Halls.
 43970 | Orc:2    | Found Plog's Jewellery Shop.
 43970 | Orc:2    | Found Axte's Weapon Shoppe.
 43972 | Orc:2    | Found Ajysues's Assorted Antiques.
 43974 | Orc:2    | Found Piosk's Armour Boutique.
 43978 | Orc:2    | Bought a lumpy sapphire potion for 26 gold pieces
 43988 | Orc:2    | Bought a metal-bound book for 435 gold pieces
 44220 | Orc:1    | Found Umiok's Weapon Emporium.
 44652 | Orc:1    | Found a roughly hewn altar of Beogh.
 44905 | D:11     | Learned a level 1 spell: Apportation
 44978 | Spider:1 | Entered Level 1 of the Spider Nest
 45862 | Spider:1 | Noticed Jorgrun
 45951 | Spider:1 | Killed Jorgrun
 46308 | Spider:2 | Reached XP level 16. HP: 134/134 MP: 30/30
 47678 | Spider:2 | Noticed Azrael
 47705 | Spider:2 | Killed Azrael
 48258 | Spider:2 | Reached skill level 10 in Staves
 49549 | Spider:4 | Entered Level 4 of the Spider Nest
 49937 | Spider:4 | Noticed Arachne
 49951 | Spider:4 | Killed Arachne
 50088 | Spider:3 | HP: 1/134 [wolf spider (28)]
 50089 | Spider:3 | Annihilated by a wolf spider

Skill      XL: |  1  2  3  4  5  6  7  8  9 10 11 12 13 14 15 16 |
---------------+-------------------------------------------------+-----
Conjurations   | 5 6 7 8 9 10 11 12 13 14 | 14.2
Spellcasting   | 3 4 5 6 7 8 9 10 | 10.6
Dodging        | 2 3 4 5 6 7 8 |  8.6
Fighting       | 3 4 5 6 7 8 9 |  9.8
Translocations | 2 3 4 5 |  5.4
Evocations     | 2 3 4 5 6 7 8 |  8.4
Staves         | 2 3 4 5 6 7 9 10 | 10.8
Fire Magic     | 2 4 6 7 9 10 11 14 | 14.2
Transmutations | 2 3 5 6 8 |  8.1
Stealth        | |  1.7

Action                   |  1- 3 |  4- 6 |  7- 9 | 10-12 | 13-15 | 16-18 || total
-------------------------+-------+-------+-------+-------+-------+-------++-------
Melee: Unarmed           |     1 |       |       |       |       |       ||     1
       Short sword       |     8 |       |       |       |       |       ||     8
       Tailslap          |     3 |     3 |     2 |     8 |    10 |     2 ||    28
       Falchion          |       |    24 |     5 |    10 |       |       ||    39
       Dagger            |       |       |    14 |       |       |       ||    14
       Spear             |       |       |       |    69 |    39 |       ||   108
       Demon whip        |       |       |       |     2 |     3 |       ||     5
       Bite              |       |       |       |       |     9 |     1 ||    10
       Great mace        |       |       |       |       |     4 |       ||     4
       Staff             |       |       |       |       |    12 |     9 ||    21
Throw: Javelin           |       |     7 |    11 |     6 |       |       ||    24
 Cast: Magic Dart        |    70 |    84 |    75 |   113 |    95 |     1 ||   438
       Searing Ray       |     8 |    22 |    79 |   199 |   239 |    20 ||   567
       Iskenderun's Myst |       |       |    15 |    47 |   380 |   211 ||   653
       Conjure Flame     |       |       |     4 |     5 |    15 |       ||    24
       Force Lance       |       |       |       |     6 |   100 |    78 ||   184
       Irradiate         |       |       |       |     9 |    98 |    20 ||   127
       Blink             |       |       |       |     1 |     7 |     2 ||    10
 Abil: Breathe Acid      |       |       |     4 |    26 |    29 |     5 ||    64
Evoke: Wand              |       |       |       |    20 |     7 |       ||    27
       Staff of energy   |       |       |       |       |     1 |       ||     1
  Use: Scroll            |     2 |     3 |     8 |    16 |    13 |     4 ||    46
       Potion            |       |       |     1 |    15 |     6 |     2 ||    24
 Stab: Sleeping          |     1 |       |       |       |       |       ||     1
       Paralysed         |       |       |       |    27 |       |       ||    27
  Eat: Chunk             |     6 |     6 |    16 |    35 |    56 |     2 ||   121
       Ration            |       |     1 |     1 |     4 |    15 |     3 ||    24
Armor: Skin              |     5 |    22 |    26 |   129 |   245 |    68 ||   495
Dodge: Dodged            |    11 |    38 |   101 |   263 |   724 |   148 ||  1285
       Rpst.: Falchion   |       |     9 |    10 |     6 |       |       ||    25
